 Dungeon Crawl Stone Soup version 0.18-a0-952-g309898a (webtiles) character file.

188 sugabear the Ducker (level 5, -6/27 HPs)
             Began as a Vine Stalker Gladiator on Jan 2, 2016.
             Killed by divine providence
             ... invoked by an orc priest
              (8 damage)
             ... on level 3 of the Dungeon.
             The game lasted 00:03:28 (2893 turns).

sugabear the Ducker (Vine Stalker Gladiator)        Turns: 2893, Time: 00:03:28

Health: -6/27      AC:  6    Str: 19    XL:     5   Next: 67%
Magic:  0/6        EV: 18    Int:  8    God:
Gold:   144        SH:  0    Dex: 18    Spells: 0 memorised, 4 levels left

rFire  . . .     SeeInvis .     b - -3 whip (curse)
rCold  . . .     Gourm    .     k - +0 ring mail
rNeg   . . .     Faith    .     (no shield)
rPois  .         Spirit   +     c - +0 helmet
rElec  .         Dismiss  .     (no cloak)
rCorr  .         Reflect  .     (no gloves)
SustAt .         Harm     .     (no boots)
MR     .....                    (no amulet)
Stlth  +.........               m - +5 ring of evasion
                                h - +4 ring of dexterity

@: not resistant to hostile enchantments, very unstealthy
A: fangs 2, regeneration 1, magic shield, antimagic bite, no device heal 3, rot
immunity
a: no special abilities


You were on level 3 of the Dungeon.
You were not hungry.

You visited 1 branch of the dungeon, and saw 3 of its levels.

You collected 144 gold pieces.

Inventory:

Hand Weapons
 a - a +1 flail
 b - a cursed -3 whip (weapon)
Missiles
 d - 4 throwing nets (quivered)
Armour
 c - a +0 helmet (worn)
 k - a +0 ring mail (worn)
Jewellery
 h - a +4 ring of dexterity (left hand)
 m - a +5 ring of evasion (right hand)
Wands
 e - a wand of flame (22/48)
Scrolls
 n - a scroll of teleportation {unknown}
 o - a scroll of fear
 q - 4 scrolls of identify {unknown}
Potions
 g - 2 potions of ambrosia {unknown}
 i - a potion of haste
 j - a potion of might
Comestibles
 f - a bread ration
 l - 2 meat rations
 p - a chunk of flesh


   Skills:
 + Level 2.4 Fighting
 + Level 3.5 Maces & Flails
 + Level 2.0 Throwing
 + Level 1.7 Armour
 + Level 3.6 Dodging
 + Level 0.6 Stealth


You had 4 spell levels left.
You didn't know any spells.

Dungeon Overview and Level Annotations

Branches:
Dungeon (3/15)

Altars:
Kikubaaqudgha


Innate Abilities, Weirdness & Mutations

You have extremely sharp teeth.
Your natural rate of healing is unusually fast.
When hurt, damage is shared between your health and your magic reserves.
Your bite disrupts and absorbs the magic of your enemies.
Potions and wands cannot restore your health.
You are immune to rotting.


Message History

You bite the orc priest, but do no damage.
The orc priest is moderately wounded.
The orc priest misses you. The orc barely misses you.
You hit the orc priest.
You bite the orc priest, but do no damage.
The orc priest is heavily wounded.
The orc priest barely misses you. The orc hits you with a whip.
* * * LOW HITPOINT WARNING * * *
Unknown command.
You barely miss the orc priest.
You bite the orc priest, but do no damage.
The orc priest is heavily wounded.
The orc priest hits you but does no damage.
The orc closely misses you.
You hit the orc priest but do no damage.
You bite the orc priest, but do no damage.
The orc priest is heavily wounded.
The orc priest mumbles some strange prayers to Beogh against you.
Something smites you!
You die...

#.#...#
#.#...#
##.#...#
..)#...#
####...# .
...#...#
#######..
####...#
#.......?
####...#
###........
..+#...#
#..@o......
####...#
#.#.o....#.
#...#
#.#......#
#...#
#.#......#
#...#
#.#......#
#....
#.#......#
##....
#.#.....!#
######....
#.#......#
.....##...#
#.#


You could see an orc priest and an orc.

Vanquished Creatures
  A scorpion (D:3)
  An orc priest (D:3)
  4 gnolls
  An adder (D:2)
  2 oozes (D:1)
  A giant gecko (D:2)
  An orc (D:3)
  A ball python (D:2)
  3 giant cockroaches
  7 hobgoblins
  4 jackals (D:1)
  2 quokkas (D:2)
  6 bats
  4 giant newts
  11 goblins
  3 kobolds
  5 rats
57 creatures vanquished.

Vanquished Creatures (others)
  A kobold (D:1)
1 creature vanquished.

Grand Total: 58 creatures vanquished

Notes
Turn   | Place    | Note
--------------------------------------------------------------
     0 | D:1      | sugabear the Vine Stalker Gladiator began the quest for the Orb.
     0 | D:1      | Reached XP level 1. HP: 11/11 MP: 2/2
   109 | D:1      | Reached XP level 2. HP: 15/15 MP: 3/3
   246 | D:1      | Reached skill level 3 in Maces & Flails
   595 | D:1      | Reached XP level 3. HP: 18/18 MP: 4/4
  1374 | D:2      | Found an ancient bone altar of Kikubaaqudgha.
  1729 | D:1      | Reached XP level 4. HP: 8/23 MP: 5/5
  1795 | D:2      | Reached skill level 1 in Armour
  2653 | D:3      | Reached XP level 5. HP: 15/27 MP: 6/6
  2885 | D:3      | HP: 1/27 [orc priest/hand axe (4)]
  2893 | D:3      | Killed from afar by an orc priest

Vault maps used:
D:1:      shiori_arrival_elements
D:2:      overflow_temple_1_default
D:3:      first_bread, nrook_uturn

Action                   |  1- 3 |  4- 6 || total
-------------------------+-------+-------++-------
Melee: Flail             |    60 |       ||    60
       Whip              |    32 |   127 ||   159
  Use: Scroll            |     2 |       ||     2
 Stab: Sleeping          |     1 |       ||     1
  Eat: Chunk             |     2 |     4 ||     6
